 Dungeon Crawl Stone Soup version 0.23-a0-435-g79ed067 (webtiles) character file.

350 Lavandula the Ruffian (level 6, -8/39 HPs)
             Began as an Octopode Hunter on Nov 16, 2018.
             Mangled by a phantom (9 damage)
             ... on level 2 of the Dungeon.
             The game lasted 00:16:35 (2313 turns).

Lavandula the Ruffian (Octopode Hunter)             Turns: 2313, Time: 00:16:36

Health: -8/39      AC:  1    Str: 13    XL:     6   Next: 60%
Magic:  6/6        EV: 13    Int: 12    God:
Gold:   133        SH:  0    Dex: 14    Spells: 5/5 levels left

rFire    . . .     SeeInvis +     - Unarmed
rCold    . . .     Gourm    +   (no shield)
rNeg     . . .     Faith    .   (helmet restricted)
rPois    .         Spirit   .   k - amulet of the gourmand
rElec    .         Reflect  .   m - ring of see invisible
rCorr    .         Harm     .   (no ring)
MR       .....                  (no ring)
Stlth    +++.......             (no ring)
HPRegen  0.13/turn              (no ring)
MPRegen  0.10/turn              (no ring)
                                (no ring)
                                (no ring)

@: no status effects
A: almost no armour, stealthy swim, amphibious, 8 rings, constrict 8, camouflage
1, agile 1, dopey 1, gelatinous body 1
a: no special abilities


You were on level 2 of the Dungeon.
You were very full.

You visited 1 branch of the dungeon, and saw 4 of its levels.

You collected 133 gold pieces.

Inventory:

Hand Weapons
 j - a +0 hunting sling
Missiles
 b - 6 javelins (quivered)
 c - 2 throwing nets
 h - 38 sling bullets
Armour
 e - a +0 shield
Jewellery
 k - an amulet of the gourmand (around mantle)
 m - a ring of see invisible (left tentacle)
Scrolls
 a - 3 scrolls of remove curse
 f - a scroll of amnesia
 g - 2 scrolls of identify
Potions
 i - a potion of lignification
Comestibles
 d - 5 rations


   Skills:
 - Level 2.0 Fighting
 - Level 4.0 Throwing
 - Level 2.0 Dodging
 - Level 1.3 Stealth
 + Level 6.4 Unarmed Combat


You had 5 spell levels left.
You didn't know any spells.
Your spell library was empty.

Dungeon Overview and Level Annotations

Branches:
Dungeon (4/15)
 Temple: D:4-7

Altars:

Annotations:
D:3 Ijyb


Innate Abilities, Weirdness & Mutations

You cannot wear most types of armour.
You are very stealthy in the water. (Stealth+)
You are amphibious.
You can wear up to eight rings at the same time.
You can use your tentacles to constrict eight enemies at once.
Your skin changes colour to match your surroundings (Stealth+).
Your rubbery body absorbs attacks. (AC +1, EV +1)
You are agile. (Dex +2)
You are dopey. (Int -2)


Message History

Items here: )) [ รทรท a +0 robe; a +0 dagger; a +0 club; an iguana skeleton; an orc skeleton
Things that are here:
a +0 ring mail; a +0 hand axe The phantom blinks!
There is a stone staircase leading up here.
The phantom blinks!
The phantom misses you.
You climb upwards.
There is a stone staircase leading down here.
You tentacle-slap the phantom.
The phantom is heavily damaged.
The phantom hits you!
* * * LOW HITPOINT WARNING * * *
The phantom hits you.
* * * LOW HITPOINT WARNING * * *
Okay, then.
It was a potion of magic.
Magic courses through your body. The phantom hits you!
You die...

######## #.. ..# #
#.####.# #
#####^##...########
#>@................
#.W...#............
#.....#..#.########
##..............(...
#....#.#..#......###
##.##.#.#..#......###
#.....#.#..##.....##.
#..........# .....#..
#..........###.##.+..


You could see a phantom.

Vanquished Creatures
  A hound (D:4)
  2 iguanas
  4 orc wizards
  2 worker ants (D:3)
  A worker ant zombie (D:2)
  4 adders
  2 worms
  2 dart slugs
  A leopard gecko (D:3)
  10 orcs
  2 ball pythons
  2 bats (D:1)
  4 giant cockroaches
  5 goblins
  A hobgoblin (D:3)
  2 jackals (D:2)
  2 quokkas
  3 frilled lizards
  A kobold (D:2)
  9 rats
60 creatures vanquished.

Notes
Turn   | Place    | Note
-------+----------+-------------------------------------------
     0 | D:1      | Lavandula the Octopode Hunter began the quest for the Orb.
     0 | D:1      | Reached XP level 1. HP: 14/14 MP: 1/1
    49 | D:1      | Reached skill level 1 in Unarmed Combat
   130 | D:2      | Reached XP level 2. HP: 8/19 MP: 2/2
   258 | D:1      | Reached skill level 2 in Unarmed Combat
   374 | D:2      | Reached XP level 3. HP: 10/24 MP: 3/3
   480 | D:2      | Reached skill level 3 in Unarmed Combat
   669 | D:4      | Noticed an ogre
   770 | D:3      | Reached XP level 4. HP: 29/29 MP: 4/4
   861 | D:4      | Reached skill level 4 in Unarmed Combat
   883 | D:4      | Reached XP level 5. HP: 23/34 MP: 5/5
  1141 | D:3      | Reached skill level 5 in Unarmed Combat
  1259 | D:3      | Noticed Ijyb
  1273 | D:3      | Gained mutation: You are dopey. (Int -2) [potion of
                  | mutation]
  1273 | D:3      | Gained mutation: You are agile. (Dex +2) [potion of
                  | mutation]
  1886 | D:3      | Reached XP level 6. HP: 38/39 MP: 6/6
  2041 | D:4      | Identified the +0 leather armour of Paufithre {rN++}
  2088 | D:3      | Reached skill level 6 in Unarmed Combat
  2247 | D:4      | Noticed a phantom
  2312 | D:2      | HP: 1/39 [phantom (6)]
  2313 | D:2      | Mangled by a phantom

Vault maps used:
D:1:      giann_bridges
D:2:      kennysheep_generic_room_3, uniq_jessica
D:3:      uniq_ijyb
D:4:      lemuel_castle_with_subvaults, ebering_ghost_gozag, first_ration

Skill      XL: |  1  2  3  4  5  6 |
---------------+-------------------+-----
Unarmed Combat | 1 2 3 4 5 6 |  6.4
Fighting       | |  2.0
Throwing       | |  4.0
Dodging        | |  2.0
Stealth        | |  1.3

Action                   |  1- 3 |  4- 6 || total
-------------------------+-------+-------++-------
Melee: Unarmed           |    40 |    58 ||    98
       Constrict         |    11 |    11 ||    22
       Tentacles         |     7 |     9 ||    16
       Punch             |       |     3 ||     3
 Fire: Hunting sling     |    43 |    89 ||   132
Throw: Javelin           |     3 |     6 ||     9
  Use: Scroll            |     3 |     2 ||     5
       Potion            |     1 |     2 ||     3
 Stab: Sleeping          |     2 |     1 ||     3
  Eat: Chunk             |       |    11 ||    11
Armor: Skin              |     5 |     1 ||     6
Dodge: Dodged            |    26 |    33 ||    59

Table legend:
 A = Non-vault XP
 B = Vault XP
 C = Vault XP percentage of total XP
 D = Non-vault monster count
 E = Vault monster count
 F = Vault count percentage of total count
                 A         B        C        D         E       F
            +---------+---------+-------+---------+---------+-------
      Total |     500 |       0 |   0.0 |      60 |       0 |   0.0
            +---------+---------+-------+---------+---------+-------
        D:1 |      17 |       0 |   0.0 |       9 |       0 |   0.0
        D:2 |      67 |       0 |   0.0 |      17 |       0 |   0.0
        D:3 |     244 |       0 |   0.0 |      24 |       0 |   0.0
        D:4 |     172 |       0 |   0.0 |      10 |       0 |   0.0
            +---------+---------+-------+---------+---------+-------
